 Dungeon Crawl Stone Soup version 0.18.1-48-g4cf74bf (webtiles) character file.

0 glosham the Skirmisher (level 1, -7/16 HPs)
             Began as an Octopode Abyssal Knight on July 28, 2016.
             Was a Follower of Lugonu.
             Mangled by a large abomination (8 damage)
             ... on level 2 of the Abyss.
             The game lasted 00:02:56 (165 turns).

glosham the Skirmisher (Octopode Abyssal Knight)     Turns: 165, Time: 00:02:57

Health: -7/16      AC:  1    Str: 11      XL:     1   Next: 0%
Magic:  2/2        EV: 12    Int: 14      God:    Lugonu [*.....]
Gold:   36         SH:  0    Dex: 10 (11) Spells: 0 memorised, 0 levels left

rFire  . . .     SeeInvis .     a - +1 spear
rCold  . . .     Gourm    .     (no shield)
rNeg   . . .     Faith    .     (helmet restricted)
rPois  .         Spirit   .     (no amulet)
rElec  .         Dismiss  .     (no ring)
rCorr  .         Reflect  .     (no ring)
SustAt .         Harm     .     (no ring)
MR     .....                    (no ring)
Stlth  ++........               (no ring)
                                (no ring)
                                (no ring)
                                (no ring)

@: non-regenerating, mildly diseased, not resistant to hostile enchantments,
unstealthy
A: almost no armour, amphibious, 8 rings, constrict 8, camouflage 1, gelatinous
body 1
a: Depart the Abyss, Renounce Religion


You were on level 2 of the Abyss.
You worshipped Lugonu.
Lugonu was aware of your devotion.
You were not hungry.

You visited 0 branches of the dungeon, and saw 0 of its levels.
You visited the Abyss 1 time.

You collected 36 gold pieces.

Inventory:

Hand Weapons
 a - a +1 spear (weapon)
Missiles
 d - 19 bolts
Wands
 e - a wand of flame (16/48)
Miscellaneous
 c - a crystal ball of energy
Comestibles
 b - a bread ration


   Skills:
 - Level 3.0 Fighting
 - Level 2.0 Polearms
 - Level 2.3 Dodging
 * Level 0.0 Stealth
 - Level 2.0 Invocations


You couldn't memorise any spells.
You didn't know any spells.

Dungeon Overview and Level Annotations

Branches:
Dungeon (0/15)

Altars:


Innate Abilities, Weirdness & Mutations

You cannot wear most types of armour.
You are amphibious.
You can wear up to eight rings at the same time.
You can use your tentacles to constrict eight enemies at once.
Your skin changes colour to match your surroundings (Stealth).
Your rubbery body absorbs attacks (AC +1).


Message History

The starcursed mass moves out of view.
The ynoxinul gestures.
You feel ill.
The ynoxinul gestures.
A large abomination comes into view.
You feel ill.
A quasit comes into view.
The quasit gives a chilling moan.
The quasit closely misses you. The quasit barely misses you.
The quasit closely misses you.
The quasit bites you but does no damage.
The quasit misses you. The quasit closely misses you.
Found a gateway leading out of the Abyss.
The quasit closely misses you. The quasit claws you.
* * * LOW HITPOINT WARNING * * *
You feel clumsy. The quasit misses you.
A tentacled starspawn comes into view.
Tentacles burst from the starspawn's body!
Found a bronze wand. 2 starspawn tentacles come into view.
You see here a bronze wand.
e - a wand of flame The ufetubus disappears in a puff of smoke! x3
Found a leather armour.
A large abomination comes into view.
A large abomination comes into view.
The large abomination moves out of view.
A tentacle flies out from the starspawn's body!
A starspawn tentacle comes into view.
A tentacle flies out from the starspawn's body!
A starspawn tentacle comes into view.
A large abomination comes into view.
A tentacled starspawn comes into view.
A death knight comes into view. It is wielding a battleaxe.
The death knight shouts!
The death knight offers itself to Yredelemnul, and fills with unholy energy.
The large abomination hits you!
Ouch! That really hurt!
You die...

#..##.#.##.#.#....
#.....#
ยง##..##... #.
#.#.#..X.#.# .
#.X##..#.#...### #
#..#....####.
#...##.#..##.
###.#.#p#...#
#....X...#
####@.##...
...........#...
....##...#..##. #.
...## .# ..... #
#..### #.. #..


You could see a death knight and a large abomination.

Vanquished Creatures (others)
  6 starspawn tentacles (Abyss:2)
6 creatures vanquished.

Notes
Turn   | Place    | Note
--------------------------------------------------------------
     0 | Abyss:1  | glosham the Octopode Abyssal Knight began the quest for the Orb.
     0 | Abyss:1  | Reached XP level 1. HP: 16/16 MP: 2/2
    57 | Abyss:2  | Noticed a bone dragon
    58 | Abyss:2  | Noticed a neqoxec
    93 | Abyss:2  | Noticed a ynoxinul
    96 | Abyss:2  | Noticed a purple draconian
    96 | Abyss:2  | HP: 1/16 [purple draconian/long sword (15)]
    98 | Abyss:2  | Noticed an ancient zyme
   101 | Abyss:2  | Noticed a large abomination
   102 | Abyss:2  | Noticed a starcursed mass
   106 | Abyss:2  | Noticed a large abomination
   108 | Abyss:2  | Noticed a quasit
   115 | Abyss:2  | HP: 1/16 [quasit (1)]
   123 | Abyss:2  | Noticed a tentacled starspawn
   137 | Abyss:2  | Noticed a large abomination
   141 | Abyss:2  | Noticed a large abomination
   160 | Abyss:2  | Noticed a large abomination
   164 | Abyss:2  | Noticed a tentacled starspawn
   164 | Abyss:2  | Noticed a death knight
   165 | Abyss:2  | Mangled by a large abomination

Action                   || total
-------------------------++-------
Armor: Skin              ||     1
Dodge: Dodged            ||     8

Table legend:
 A = Turns spent in this place as a percentage of turns spent in the entire game.
 B = Non-inter-level travel turns spent in this place as a percentage of non-inter-level travel turns spent in the entire game.
 C = Inter-level travel turns spent in this place as a percentage of turns spent in this place.
 D = Turns resting spent in this place as a percentage of non-inter-level travel turns spent in this place.
 E = Turns spent auto-exploring this place as a percentage of non-inter-level travel turns spent in this place.
 F = Non-inter-level travel turns spent in this place divided by the number of levels of this place that you've seen.
                   A       B       C       D       E      F
               +-------+-------+-------+-------+-------+----------------------
         Total | 100.0 | 100.0 |   0.0 |   0.0 |   0.0 |  83.5
         Abyss | 100.0 | 100.0 |   0.0 |   0.0 |   0.0 |  83.5
               +-------+-------+-------+-------+-------+----------------------

Vault maps used:
Abyss:2:  due_exit_kobolds
